 Dungeon Sprint DCSS version 0.20.1-1-g8b1a95d (webtiles) character file.

6400000 QuCean the Conqueror (level 27, -18/273 HPs)
             Began as a Minotaur Fighter on Oct 4, 2017.
             Was the Champion of Makhleb.
             Demolished by a bag of meat
             ... wielding a +9 war axe
              (24 damage)
             ... in the Dungeon (Sprint VIII: "Arena of Blood").
             The game lasted 00:04:34 (64 turns).

QuCean the Conqueror (Minotaur Fighter)               Turns: 64, Time: 00:04:34

Health: -18/273    AC: 13    Str: 30    XL:     27
Magic:  27/53      EV: 28    Int:  5    God:    Makhleb [******]
Gold:   0          SH:  0    Dex: 14    Spells: 80/80 levels left

rFire    . . .     SeeInvis .   l - +∞ Axe of Woe
rCold    . . .     Gourm    .   (shield currently unavailable)
rNeg     . . .     Faith    .   b - +0 scale mail
rPois    .         Spirit   .   (helmet restricted)
rElec    .         Reflect  .   (no cloak)
rCorr    .         Harm     .   (no gloves)
MR       ++...     NoTele   +   (no boots)
Stlth    ++++++++..             (no amulet)
Regen    0.6/turn               (no ring)
MPRegen  0.4/turn               (no ring)

@: no status effects
A: retaliatory headbutt, horns 2
a: Minor Destruction, Lesser Servant of Makhleb, Major Destruction, Greater
Servant of Makhleb, Renounce Religion


You were in the Dungeon.
You worshipped Makhleb.
Makhleb was exalted by your worship.
You were not hungry.

You visited 1 branch

Inventory:

Hand Weapons
 a - a +0 war axe
 l - the +∞ Axe of Woe (weapon)
   (You found it in the Dungeon)
Armour
 b - a +0 scale mail (worn)
 c - a +0 shield
Jewellery
 m - a +30 ring of slaying
 n - a +30 ring of slaying
 o - a +30 ring of slaying
 p - a +30 ring of slaying
 q - a +30 ring of slaying
Scrolls
 k - a scroll of blinking
Potions
 d - a potion of might
 e - a potion of curing
 g - a potion of heal wounds
 h - a potion of haste
 i - 2 potions of magic
 j - a potion of berserk rage
Comestibles
 f - a bread ration


   Skills:
 O Level 27 Fighting
 O Level 27 Axes
 O Level 27 Throwing
 O Level 27 Armour
 O Level 27 Dodging
 O Level 27 Stealth
 O Level 27 Shields
 O Level 27 Unarmed Combat
 O Level 27 Spellcasting
 O Level 27 Invocations


You had 80 spell levels left.
You didn't know any spells.

Dungeon Overview and Level Annotations

Branches:
Dungeon (1/1)

Altars:
Makhleb


Innate Abilities, Weirdness & Mutations

You reflexively headbutt those who attack you in melee.
You have a pair of horns on your head.


Message History

Makhleb accepts your kill.
The meat berserker rages.
You hear a shout!
The bag of meat is engulfed in blazing flames.
You hear a shout! x2
The corpses begin to drag themselves along the ground!
The destroyer blinks! 3 crawling corpses come into view.
A bag of meat comes into view. It is wielding a +9 war axe.
The bag of meat shouts!
The meat berserker hits you with a +9 battleaxe!!!
* * * LOW HITPOINT WARNING * * *
You hear a shout! x4
The accursed casts a spell at you. Something smites you!
* * * LOW HITPOINT WARNING * * *
The bag of meat completely misses you. You furiously retaliate!
You headbutt the bag of meat.
The bag of meat hits you with a +9 war axe!!
You die...

#.......# .......
#.......# .......
.###.......###....o..
......###))V)....XX..
......)_).))§X§......
....#..)).#§)x§o..#.#
. #_.M._#))L§....M.
#.....#§Xoo.X#.#.
....._.Vzx)@O§X....
......###%D..ooDL.#.#
.###.......###x..M.X.
#.......#


oX.Oo.. #...%...# ..%O..X ......... ....X.X .... .#...#o .... #....# You could
see 2 accurseds, 3 tentacled monstrosities, 2 tyrants, 2 eight-headed meat
hydras, 2 destroyers, a sculptor of flesh, a large bag of meat (inner flame), 8
large abominations, 2 meat berserkers, 9 bags of meat and 3 crawling corpses.

Vanquished Creatures
  8 vampire knights (D)
  16 ogres (D)
  4 two-headed ogres (D)
  45 orcs (D)
  7 skeletal warriors (D)
  A large abomination (D)
  7 small abominations (D)
  11 crawling corpses (D)
99 creatures vanquished.

Vanquished Creatures (others)
  7 crawling corpses (D)
7 creatures vanquished.

Grand Total: 106 creatures vanquished

Notes
Turn   | Place    | Note
-------+----------+-------------------------------------------
     0 | D        | QuCean the Minotaur Fighter began the quest for the Orb.
     0 | D        | Reached XP level 1. HP: 19/19 MP: 0/0
     2 | D        | Noticed a bag of meat
     2 | D        | Noticed a bag of meat
     3 | D        | Noticed a bag of meat
     3 | D        | Noticed a bag of meat
     4 | D        | Noticed a bag of meat
     5 | D        | Noticed a bag of meat
     5 | D        | Noticed a bag of meat
     5 | D        | Noticed a bag of meat
     6 | D        | Noticed a meat berserker
     6 | D        | Noticed a bag of meat
     7 | D        | Noticed a bag of meat
     8 | D        | Noticed a meat berserker
     9 | D        | Killed a bag of meat
     9 | D        | Reached XP level 2. HP: 53/53 MP: 1/1
     9 | D        | Reached XP level 3. HP: 60/60 MP: 2/2
     9 | D        | Reached XP level 4. HP: 69/69 MP: 3/3
     9 | D        | Reached XP level 5. HP: 75/75 MP: 4/4
     9 | D        | Reached XP level 6. HP: 83/83 MP: 5/5
     9 | D        | Reached XP level 7. HP: 91/91 MP: 6/6
     9 | D        | Reached XP level 8. HP: 99/99 MP: 7/7
     9 | D        | Reached XP level 9. HP: 105/105 MP: 8/8
     9 | D        | Reached XP level 10. HP: 114/114 MP: 9/9
     9 | D        | Reached XP level 11. HP: 121/121 MP: 10/10
    10 | D        | Noticed a bag of meat
    10 | D        | Killed a meat berserker
    10 | D        | Reached XP level 12. HP: 99/139 MP: 11/11
    10 | D        | Reached XP level 13. HP: 104/146 MP: 12/12
    10 | D        | Killed a bag of meat
    10 | D        | Reached skill level 15 in Axes
    10 | D        | Reached XP level 14. HP: 113/159 MP: 13/13
    10 | D        | Killed a bag of meat
    11 | D        | Noticed a bag of meat
    11 | D        | Killed a bag of meat
    11 | D        | Reached XP level 15. HP: 111/172 MP: 14/14
    12 | D        | Killed a meat berserker
    12 | D        | Reached skill level 27 in Fighting
    12 | D        | Reached skill level 27 in Armour
    12 | D        | Reached skill level 27 in Shields
    12 | D        | Reached skill level 27 in Axes
    12 | D        | Reached XP level 16. HP: 83/183 MP: 15/15
    13 | D        | Reached skill level 10 in Dodging
    13 | D        | Reached skill level 10 in Unarmed Combat
    13 | D        | Reached skill level 10 in Stealth
    13 | D        | Reached XP level 17. HP: 87/191 MP: 15/28
    14 | D        | Reached skill level 15 in Dodging
    14 | D        | Reached skill level 15 in Unarmed Combat
    14 | D        | Reached skill level 10 in Spellcasting
    15 | D        | Became a worshipper of Makhleb the Destroyer
    16 | D        | Reached skill level 15 in Throwing
    16 | D        | Reached skill level 5 in Invocations
    18 | D        | Reached * piety under Makhleb
    18 | D        | Reached skill level 15 in Stealth
    18 | D        | Reached XP level 18. HP: 93/200 MP: 16/33
    20 | D        | Reached skill level 10 in Invocations
    25 | D        | Noticed a destroyer
    25 | D        | Noticed a large bag of meat
    27 | D        | Killed a destroyer
    27 | D        | Reached ** piety under Makhleb
    27 | D        | Reached XP level 19. HP: 145/207 MP: 17/36
    28 | D        | Noticed a meat berserker
    29 | D        | Noticed a meat berserker
    29 | D        | Noticed a large bag of meat
    30 | D        | Noticed a meat berserker
    32 | D        | Killed a meat berserker
    32 | D        | Reached *** piety under Makhleb
    32 | D        | Reached skill level 27 in Stealth
    33 | D        | Killed a meat berserker
    33 | D        | Reached skill level 15 in Spellcasting
    33 | D        | Reached XP level 20. HP: 216/216 MP: 19/38
    34 | D        | Noticed a meat berserker
    34 | D        | Noticed a meat berserker
    34 | D        | Reached **** piety under Makhleb
    36 | D        | Noticed a large bag of meat
    36 | D        | Killed a meat berserker
    36 | D        | Reached XP level 21. HP: 224/224 MP: 19/42
    38 | D        | Reached skill level 27 in Dodging
    38 | D        | Killed a large bag of meat
    38 | D        | Reached ***** piety under Makhleb
    38 | D        | Reached skill level 27 in Unarmed Combat
    38 | D        | Reached skill level 27 in Throwing
    39 | D        | Noticed a destroyer
    39 | D        | Noticed a large bag of meat
    40 | D        | Reached XP level 22. HP: 230/233 MP: 20/46
    40 | D        | Reached skill level 27 in Invocations
    41 | D        | Reached ****** piety under Makhleb
    41 | D        | Reached skill level 27 in Spellcasting
    42 | D        | Noticed a destroyer
    42 | D        | Noticed a destroyer
    42 | D        | Reached XP level 23. HP: 240/240 MP: 21/53
    43 | D        | Noticed a destroyer
    44 | D        | Killed a destroyer
    45 | D        | Reached XP level 24. HP: 227/249 MP: 22/53
    46 | D        | Killed a destroyer
    46 | D        | Reached XP level 25. HP: 257/257 MP: 22/53
    46 | D        | Killed a large bag of meat
    47 | D        | Noticed a destroyer
    47 | D        | Noticed a large bag of meat
    49 | D        | Noticed a destroyer
    49 | D        | Killed a large bag of meat
    50 | D        | Noticed a destroyer
    50 | D        | Killed a destroyer
    50 | D        | Reached XP level 26. HP: 266/266 MP: 23/53
    51 | D        | Noticed an accursed
    52 | D        | Killed a destroyer
    53 | D        | Reached XP level 27. HP: 176/273 MP: 24/53
    54 | D        | Noticed a destroyer
    54 | D        | Noticed a tyrant
    54 | D        | Killed a large bag of meat
    56 | D        | Noticed a tyrant
    57 | D        | Killed a destroyer
    58 | D        | Killed a destroyer
    61 | D        | Killed a destroyer
    62 | D        | Noticed an accursed
    62 | D        | Noticed a destroyer
    62 | D        | Noticed a tyrant
    63 | D        | Noticed an accursed
    64 | D        | HP: 6/273 [accursed/divine providence (12)]
    64 | D        | Demolished by a bag of meat

Skill      XL: |  1  2  3  4  5  6  7  8  9 10 11 12 13 14 15 16 17 18 19 20 21 22 |
---------------+-------------------------------------------------------------------+-----
Fighting       | 18 22 24 26 27 | 27.0
Axes           | 11 14 15 17 27 | 27.0
Armour         | 18 22 24 26 27 | 27.0
Shields        | 18 22 23 25 27 | 27.0
Throwing       | 11 16 19 21 24 27 | 27.0
Dodging        | 12 17 21 22 26 27 | 27.0
Stealth        | 10 15 18 27 | 27.0
Unarmed Combat | 12 17 21 22 26 27 | 27.0
Spellcasting   | 8 12 14 15 18 21 27 | 27.0
Invocations    | 8 14 17 21 26 27 | 27.0

Action                   |  1- 3 |  4- 6 |  7- 9 | 10-12 | 13-15 | 16-18 | 19-21 | 22-24 | 25-27 || total
-------------------------+-------+-------+-------+-------+-------+-------+-------+-------+-------++-------
Melee: Executioner's axe |     1 |       |       |     1 |     2 |     7 |     8 |     5 |    13 ||    37
Invok: Major Destruction |       |       |       |       |       |       |       |       |     1 ||     1
Dodge: Dodged            |       |       |       |       |       |       |       |       |     4 ||     4
